 Dungeon Crawl Stone Soup version 0.30.1-4-g462c640d31 (webtiles) character file.

Game seed: 8111750223490107123

624 arthad the Ogre Mage (level 7, -2/59 HPs)
             Began as an Ogre Fire Elementalist on Aug 24, 2023.
             Slain by an orc
             ... wielding a +0 dagger
              (4 damage)
             ... on level 5 of the Dungeon.
             The game lasted 00:10:26 (5299 turns).

arthad the Ogre Mage (Ogre Fire Elementalist)       Turns: 5299, Time: 00:10:27

Health: -2/59      AC:  0    Str: 13    XL:     7   Next: 47%
Magic:  13/13      EV: 10    Int: 18    God:
Gold:   318        SH:  0    Dex:  9    Spells: 8/14 levels left

rFire   . . .        A - +2 quarterstaff (chaos)
rCold   . . .        (shield currently unavailable)
rNeg    + . .        a - +0 robe
rPois   .            (helmet restricted)
rElec   .            B - +0 cloak {Stlth+}
rCorr   .            (gloves unavailable)
SInv    .            (boots unavailable)
Will    .....        (no amulet)
Stlth   +++          g - ring of positive energy
HPRegen 0.29/turn    q - +4 ring of protection
MPRegen 0.13/turn

%: no passive effects
@: corroded, attractive
A: large, unfitting armour, tough skin 1
a: no special abilities


You were on level 5 of the Dungeon.
You visited 1 branch of the dungeon, and saw 5 of its levels.

You collected 318 gold pieces.

Inventory:

Hand Weapons
 A - a +2 quarterstaff of chaos (weapon)
 C - a +0 hammer of protection
Missiles
 i - 11 poisoned darts
 l - 6 curare-tipped darts
 z - 2 silver javelins
Armour
 a - a +0 robe (worn)
 u - a +0 kite shield
 B - a +0 cloak of stealth (worn)
Jewellery
 g - a ring of positive energy (left hand)
 k - an amulet of faith
 q - a +4 ring of protection (right hand)
Wands
 D - a wand of flame (6)
Scrolls
 d - 8 scrolls of identify
 h - 2 scrolls of enchant weapon
 r - a scroll of blinking {unknown}
 s - 2 scrolls of magic mapping {unknown}
 t - a scroll of fear {unknown}
 w - 2 scrolls of fog {unknown}
 x - a scroll of immolation {unknown}
 y - a scroll of acquirement {unknown}
Potions
 b - a potion of magic
 f - a potion of attraction
 j - a potion of lignification {unknown}
 n - a potion of heal wounds
 o - 3 potions of might {unknown}
 v - a potion of haste {unknown}


   Skills:
 + Level 3.6 Dodging
 + Level 3.1 Stealth
 + Level 4.4 Spellcasting
 + Level 3.1 Conjurations
 + Level 4.1 Fire Magic


You had 8 spell levels left.
You knew the following spells:

 Your Spells              Type           Power      Damage    Failure   Level
a - Foxfire               Conj/Fire      68%        2x1d7     3%          1
b - Scorch                Fire           38%        2d7       3%          2
c - Inner Flame           Hex/Fire       11%        N/A       19%         3

Your spell library contained the following spells:

 Spells                   Type           Power      Damage    Failure   Level
 Kiss of Death            Conj/Necr      36%        2d8       8%          1
 Momentum Strike          Conj/Tloc      18%        3d8       11%         2
 Slow                     Hex            12%        N/A       14%         1
 Sting                    Tmut/Pois      12%        1d3       14%         1
 Volatile Blastmotes      Fire/Tloc      22%        2d11      19%         3
 Blink                    Tloc           6%         N/A       22%         2
 Lesser Beckoning         Tloc           6%         N/A       22%         2
 Poisonous Vapours        Pois/Air       6%         N/A       22%         2
 Flame Wave               Conj/Fire      17%        2d7       30%         4
 Confusing Touch          Hex            3%         N/A       38%         3
 Vampiric Draining        Necr           3%         2d6       38%         3
 Dispel Undead            Necr           3%         3d7       80%         4
 Olgreb's Toxic Radiance  Pois           3%         N/A       80%         4


Dungeon Overview and Level Annotations

Branches:
Dungeon (5/15)
 Temple: D:4-7

Altars:
Fedhas

Shops:
D:3 (


Innate Abilities, Weirdness & Mutations

You are too large for most types of armour.
You have tough skin. (AC +1)


Message History

The magic dart hits something.
Reactivating autopickup.
The orc hits you but does no damage.
You barely miss the orc. The orc hits you but does no damage.
The orc hits you with a +0 dagger. The orc priest closely misses you.
The jelly hits you but does no damage.
You bump into the rock wall.
The jelly hits you but does no damage.
The orc priest invokes the aid of Beogh against you.
You struggle to resist.
The orc hits you with a +0 dagger. x2
You barely miss the orc priest. The jelly hits you but does no damage.
The orc priest hits you but does no damage.
The orc barely misses you. The orc closely misses you.
You bump into the rock wall.
The jelly barely misses you.
The orc priest hits you with a +0 hand axe!
The orc hits you but does no damage. The orc closely misses you.
You hit the jelly.
The jelly seems to grow stronger.
The acid corrodes you!
Your hands burn!
The jelly is moderately wounded.
You feel less invigorated.
You feel less confused.
The orc wizard gestures wildly while chanting.
The orc wizard flickers and vanishes!
Deactivating autopickup; reactivate with Ctrl-A.
The jelly hits you. The acid corrodes you!
You are splashed with acid!
The orc hits you with a +0 dagger.
The orc priest hits you with a +0 hand axe.
* * * LOW HITPOINT WARNING * * *
The orc hits you with a +0 dagger.
* * * LOW HITPOINT WARNING * * *
You hear a shout!
You hit the jelly but do no damage.
Your hands burn!
* * * LOW HITPOINT WARNING * * *
The jelly is moderately wounded.
The orc barely misses you. The jelly closely misses you.
The orc hits you with a +0 dagger.
* * * LOW HITPOINT WARNING * * *
The orc priest hits you with a +0 hand axe.
* * * LOW HITPOINT WARNING * * *
The orc completely misses you. The orc hits you with a +0 dagger.
You die...

.. .# ... .#
#.. .#
##..#####.# #
..........#.###
#......ls......
#.....oooY.....
#.#####@###.#.#
##J## #O#{#
##.## #.#
..#####.#
(.......#
######.)# #.o#


You could see an ice beast, an ogre, a scorpion, an iguana, a jelly (strong), an
orc priest and 2 orcs.

Vanquished Creatures
  Menkaure (D:4)
  3 hounds (D:4)
  A jelly (D:4)
  3 orc priests
  Crazy Yiuf (D:4)
  Ijyb (D:5)
  Jessica (D:3)
  An orc wizard (D:4)
  3 gnolls (D:2)
  3 adders
  An ufetubus (D:4)
  2 worms
  4 dart slugs
  13 orcs
  3 endoplasms
  5 giant cockroaches
  5 goblins
  10 hobgoblins
  12 jackals
  10 kobolds
  3 quokkas
  8 ball pythons
  7 bats
  A frilled lizard (D:3)
  7 rats
109 creatures vanquished.

Vanquished Creatures (others)
  An orc wizard (D:5)
  429 foxfires
430 creatures vanquished.

Grand Total: 539 creatures vanquished

Notes
Turn   | Place    | Note
-------+----------+-------------------------------------------
     0 | D:1      | arthad the Ogre Fire Elementalist began the quest for the
                  | Orb.
     0 | D:1      | Reached XP level 1. HP: 16/16 MP: 3/3
    74 | D:1      | Reached skill level 1 in Conjurations
   101 | D:1      | Reached XP level 2. HP: 15/24 MP: 0/5
   469 | D:1      | Reached XP level 3. HP: 31/31 MP: 5/7
   472 | D:1      | Learned a level 2 spell: Scorch
   476 | D:1      | Learned a level 3 spell: Inner Flame
  1112 | D:2      | Found a faded altar of an unknown god.
  1344 | D:2      | Reached XP level 4. HP: 39/39 MP: 3/8
  2780 | D:3      | Found Erets's Weapon Shoppe.
  2780 | D:3      | Noticed Jessica
  2788 | D:3      | Killed Jessica
  2789 | D:3      | Reached XP level 5. HP: 45/45 MP: 2/10
  3207 | D:3      | Found a blossoming altar of Fedhas.
  4031 | D:4      | Noticed Menkaure
  4036 | D:4      | Killed Menkaure
  4037 | D:4      | Reached XP level 6. HP: 53/53 MP: 6/11
  4478 | D:4      | Reached XP level 7. HP: 59/59 MP: 8/13
  4689 | D:4      | Found a runed translucent door.
  4690 | D:4      | Noticed Crazy Yiuf
  4996 | D:4      | Killed Crazy Yiuf
  5169 | D:5      | Entered Level 5 of the Dungeon
  5170 | D:5      | Noticed Ijyb
  5180 | D:5      | Killed Ijyb
  5299 | D:5      | HP: 2/59 [orc priest/+0 hand axe (3)]
  5299 | D:5      | Slain by an orc

Illustrated notes

Levels and vault maps discovered:
D:1:      dpeg_arrival_tiny_g, layout_basic
D:2:      layout_basic, nicolae_ecumenical_pavilion, dk_vineyard_2,
          minmay_misc_feat_square
D:3:      layout_basic, lemuel_crystal_altar, serial_shops, nicolae_shop_stone,
          chequers_hall_statues_corner_a, uniq_jessica
D:4:      layout_cave_pools, uniq_crazy_yiuf_cottage, uniq_menkaure
D:5:      layout_loops_ring, mainiacjoe_overflow_alcove_4, serial_shops,
          shop_statue, kennysheep_diamond, uniq_ijyb

Skill      XL: |  1  2  3  4  5  6  7 |
---------------+----------------------+-----
Conjurations   | 1 2 3 |  3.1
Dodging        | 2 3 |  3.6
Fire Magic     | 3 4 |  4.1
Spellcasting   | 3 4 |  4.4
Stealth        | 2 3 |  3.1

Action                     |  1- 3 |  4- 6 |  7- 9 || total
---------------------------+-------+-------+-------++-------
  Melee: Unarmed           |    20 |    26 |     1 ||    47
         Quarterstaff      |       |       |    14 ||    14
   Cast: Foxfire           |    61 |   159 |    34 ||   254
         Scorch            |       |     2 |     3 ||     5
    Use: Potion            |       |       |     6 ||     6
         Scroll            |       |       |     4 ||     4
 Armour: Robe              |     4 |    22 |    36 ||    62
  Dodge: Dodged            |    10 |     8 |    37 ||    55
